 Dungeon Crawl Stone Soup version 0.28-a0-1235-g7c8fac35f0 (webtiles) character file.

Game seed: 1012646778946027359

468 r3xj the Skirmisher (level 6, -1/57 HPs)
             Began as a Minotaur Fighter on Dec 24, 2021.
             Succumbed to a scorpion's poison
             ... on level 4 of the Dungeon.
             The game lasted 00:05:23 (4110 turns).

r3xj the Skirmisher (Minotaur Fighter)              Turns: 4110, Time: 00:05:23

Health: -1/57      AC:  7    Str: 20 (23) XL:     6   Next: 81%
Magic:  5/5        EV:  9    Int:  3 (5)  God:
Gold:   107        SH:  4    Dex:  9 (11) Spells: 5/5 levels left

rFire   + . .      SeeInvis .   a - +0 flail
rCold   . . .      Faith    .   c - +0 buckler
rNeg    . . .      Spirit   .   b - +0 scale mail
rPois   .          Reflect  .   (helmet restricted)
rElec   .          Harm     .   (no cloak)
rCorr   .          Rampage  .   (no gloves)
Will    .....                   (no boots)
Stlth   +.........              (no amulet)
HPRegen 0.19/turn               (no ring)
MPRegen 0.09/turn               (no ring)

@: lethally poisoned (-1 -> -11)
A: horns 2, retaliatory headbutt, thin skeletal structure 1, fire resistance 1,
evolution 1
a: no special abilities


You were on level 4 of the Dungeon.
You visited 1 branch of the dungeon, and saw 4 of its levels.
You also visited: Sewer.

You collected 107 gold pieces.

Inventory:

Hand Weapons
 a - a +0 flail (weapon)
Missiles
 m - a curare-tipped dart (quivered)
 n - 10 poisoned darts
Armour
 b - a +0 scale mail (worn)
 c - a +0 buckler (worn)
Scrolls
 e - 2 scrolls of fog {unknown}
 g - 3 scrolls of identify {unknown}
 k - a scroll of immolation {unknown}
Potions
 d - 2 potions of might
 f - 5 potions of haste


   Skills:
 + Level 6.0 Fighting
 + Level 5.4 Maces & Flails
 + Level 6.0 Armour
 - Level 4.0 Shields


You had 5 spell levels left.
You didn't know any spells.
Your spell library contained the following spells:

 Spells                   Type           Power      Damage    Failure   Level
 Summon Forest            Summ/Tloc      0%         N/A       100%        5
 Summon Mana Viper        Hex/Summ       0%         N/A       100%        5
 Summon Cactus Giant      Summ           0%         N/A       100%        6


Dungeon Overview and Level Annotations

Branches:
Dungeon (4/15)              Sewer (visited)
 Temple: D:4-7

Altars:
Kikubaaqudgha


Innate Abilities, Weirdness & Mutations

You have a pair of horns on your head.
You reflexively headbutt those who attack you in melee.
You have a somewhat thin skeletal structure. (Dex +2, Stealth+)
Your flesh is heat resistant. (rF+)
You have hidden genetic potential.


Message History

The scorpion poisons you!
You hit the scorpion but do no damage.
The scorpion is heavily wounded.
You feel very sick. The adder bites you. The scorpion stings you!
You are more poisoned.
The scorpion poisons you! The adder bites you but does no damage.
The scorpion stings you.
* * * LOW HITPOINT WARNING * * *
You feel very sick.
You see here a scroll labelled IKOYWKAZENO.
It was a potion of haste.
You feel yourself speed up.
* * * LOW HITPOINT WARNING * * *
You feel very sick. The adder bites you but does no damage.
The scorpion stings you.
* * * LOW HITPOINT WARNING * * *
It was a potion of degeneration.
There was something very wrong with that liquid.
You feel weakened.
You feel dopey.
You feel clumsy.
* * * LOW HITPOINT WARNING * * *
You feel sick. The adder bites you but does no damage. The scorpion stings you.
* * * LOW HITPOINT WARNING * * *
It was a potion of flight.
You feel very buoyant.
You fly up into the air.
* * * LOW HITPOINT WARNING * * *
You feel very sick. The adder completely misses you.
The scorpion closely misses you. You furiously retaliate!
You headbutt the scorpion!
It was a potion of cancellation.
Your magical effects are unravelling.
You feel magically purged.
You feel yourself slow down.
You float gracefully downwards.
* * * LOW HITPOINT WARNING * * *
You feel sick. The adder barely misses you.
It was a potion of mutation.
You feel extremely strange.
You feel resistant to heat.
Your bones become slightly less dense.
You feel a hidden potential growing inside you.
You die...

###......# ........#
......># #......#
#......# #.....<#
#......# #.Ss...#
#.@....# ####......##
#.............
###########.############
.......<....#
#############


You could see a scorpion and an adder.

Vanquished Creatures
  2 kobold brigands (Sewer)
  An orc priest (D:3)
  An orc wizard (D:3)
  A gnoll (D:1)
  7 adders
  10 river rats (Sewer)
  2 dart slugs
  4 orcs (D:3)
  6 endoplasms
  3 giant cockroaches
  8 goblins
  5 hobgoblins
  15 kobolds
  4 quokkas
  9 ball pythons
  4 bats (D:1)
  7 frilled lizards
  30 rats
119 creatures vanquished.

Notes
Turn   | Place    | Note
-------+----------+-------------------------------------------
     0 | D:1      | r3xj the Minotaur Fighter began the quest for the Orb.
     0 | D:1      | Reached XP level 1. HP: 19/19 MP: 0/0
    17 | D:1      | Reached XP level 2. HP: 18/27 MP: 1/1
   650 | D:1      | Reached XP level 3. HP: 33/33 MP: 2/2
   764 | D:1      | Found a faded altar of an unknown god.
  1686 | D:3      | Found a glowing drain.
  1701 | Sewer    | Entered a sewer
  1714 | Sewer    | Reached XP level 4. HP: 41/41 MP: 3/3
  1977 | Sewer    | Noticed a kobold brigand
  1982 | Sewer    | Killed a kobold brigand
  1983 | Sewer    | Reached skill level 5 in Fighting
  1983 | Sewer    | Reached skill level 5 in Armour
  1983 | Sewer    | Reached XP level 5. HP: 11/48 MP: 4/4
  2359 | Sewer    | Reached XP level 6. HP: 30/56 MP: 5/5
  2529 | Sewer    | Reached skill level 5 in Maces & Flails
  3132 | D:3      | Found an ancient bone altar of Kikubaaqudgha.
  4109 | D:4      | HP: 2/57 [poisoned by a scorpion]
  4110 | D:4      | Gained mutation: Your flesh is heat resistant. (rF+)
                  | [potion of mutation]
  4110 | D:4      | Gained mutation: You have a somewhat thin skeletal
                  | structure. (Dex +2, Stealth+) [potion of mutation]
  4110 | D:4      | Gained mutation: You have hidden genetic potential. [potion
                  | of mutation]
  4110 | D:4      | Succumbed to a scorpion's poison

Illustrated notes

Levels and vault maps discovered:
D:1:      minmay_arrival_loop, layout_basic,
          ebering_ecumenical_altar_sacrificial
D:2:      layout_rooms
D:3:      layout_loops_cross, mainiacjoe_overflow_24_doors, portal_sewer_entry_f
D:4:      layout_rooms, gammafunk_ghost_mausoleum, hangedman_minor_gate_pass

Skill      XL: |  1  2  3  4  5  6 |
---------------+-------------------+-----
Fighting       | 4 5 6 |  6.0
Armour         | 4 5 6 |  6.0
Shields        | 4 |  4.0
Maces & Flails | 3 4 5 |  5.4

Action                   |  1- 3 |  4- 6 || total
-------------------------+-------+-------++-------
Melee: Flail             |   100 |   164 ||   264
       Headbutt          |    10 |    19 ||    29
  Use: Potion            |       |     6 ||     6
Armor: Scale mail        |    45 |    92 ||   137
Dodge: Dodged            |    47 |   108 ||   155
Block: Buckler           |    19 |    54 ||    73

Table legend: (Time is in decaauts)
 A = Elapsed time spent in this place.
 B = Non-inter-level travel time spent in this place.
 C = Inter-level travel time spent in this place.
 D = Time resting spent in this place.
 E = Time spent auto-exploring this place.
 F = Levels seen in this place.
 G = Mean time per level.
                   A        B        C        D        E       F      G
               +--------+--------+--------+--------+--------+-----+--------+
         Total |   4184 |   4089 |     95 |    442 |   3019 |   5 |  836.8 |
       Dungeon |   2840 |   2745 |     95 |    442 |   1918 |   4 |  710.0 |
         Sewer |   1344 |   1344 |      0 |      0 |   1101 |   1 | 1344.0 |
               +--------+--------+--------+--------+--------+-----+--------+

Top non-repeatable levels by time:
   Sewer: 1344 daAuts
     D:3: 1192 daAuts
     D:1: 1039 daAuts
     D:2: 584 daAuts
     D:4: 22 daAuts
